 Dungeon Crawl Stone Soup version 0.26.1-10-gdfb7c7de75 (webtiles) character file.

Game seed: 16210281366556284723

336 DearestLeader the Reanimator (level 6, -2/49 HPs)
             Began as a Deep Dwarf Necromancer on Apr 12, 2021.
             Slain by an ogre
             ... wielding a +0 giant club
              (12 damage)
             ... on level 4 of the Dungeon.
             The game lasted 00:11:37 (3706 turns).

DearestLeader the Reanimator (DDNe)                 Turns: 3706, Time: 00:11:38

Health: -2/49      AC:  8    Str: 12    XL:     6   Next: 28%
Magic:  0/9        EV: 12    Int: 17    God:
Gold:   125        SH:  0    Dex: 13    Spells: 4/9 levels left

rFire    + . .     SeeInvis .   o - +0 short sword (flame)
rCold    . . .     Faith    .   (no shield)
rNeg     . . .     Spirit   .   p - +0 robe {rF+}
rPois    .         Reflect  .   (no helmet)
rElec    .         Harm     .   w - +2 cloak
rCorr    .         Rampage  .   (no gloves)
Will     .....                  h - +2 pair of boots
Stlth    ++........             (no amulet)
HPRegen  0.00/turn              (no ring)
MPRegen  0.11/turn              (no ring)

@: non-regenerating
A: damage resistance, heal wounds, sense surroundings 1, no regeneration
a: Heal Wounds


You were on level 4 of the Dungeon.
You visited 1 branch of the dungeon, and saw 4 of its levels.

You collected 125 gold pieces.

Inventory:

Hand Weapons
 c - a +0 spear
 l - a +0 mace
 m - a +0 halberd
 o - a +0 short sword of flaming (weapon)
 u - a +3 falchion
Missiles
 k - 8 poisoned darts (quivered)
Armour
 a - a +0 robe
 e - a +0 ring mail
 h - a +2 pair of boots (worn)
 p - a +0 robe of fire resistance (worn)
 s - a +0 buckler
 w - a +2 cloak (worn)
Jewellery
 y - an uncursed amulet of faith
Wands
 A - a wand of enslavement (4)
Scrolls
 b - 3 scrolls of immolation
 d - 2 scrolls of amnesia {unknown}
 f - 4 scrolls of identify {unknown}
 i - 4 scrolls of teleportation {unknown}
 q - a scroll of enchant weapon {unknown}
 r - a scroll of magic mapping {unknown}
 v - a scroll of enchant armour {unknown}
 z - a scroll of remove curse {unknown}
Potions
 g - a potion of mutation {unknown}
 j - 2 potions of heal wounds {unknown}
 n - a potion of haste {unknown}
 t - 2 potions of berserk rage {unknown}
 x - a potion of attraction {unknown}


   Skills:
 - Level 2.1 Dodging
 - Level 2.4 Stealth
 * Level 1.3 Shields
 - Level 2.0 Spellcasting
 * Level 8.1 Necromancy


You had 4 spell levels left.
You knew the following spells:

 Your Spells              Type           Power        Failure   Level
a - Pain                  Necr           100%         1%          1
b - Animate Skeleton      Necr           58%          1%          1
c - Vampiric Draining     Necr           14%          1%          3

Your spell library contained the following spells:

 Spells                   Type           Power        Failure   Level
 Animate Dead             Necr           14%          7%          4
 Confusing Touch          Hex            1%           50%         3
 Gell's Gravitas          Tloc           0%           50%         3
 Petrify                  Tmut/Erth      1%           88%         4
 Agony                    Necr           29%          19%         5
 Metabolic Englaciation   Hex/Ice        0%           99%         5
 Yara's Violent Unravell  Hex/Tmut       0%           99%         5


Dungeon Overview and Level Annotations

Branches:
Dungeon (4/15)
 Temple: D:4-7

Altars:
The Shining One


Innate Abilities, Weirdness & Mutations

You are resistant to damage.
You can heal yourself by infusing magical energy.
You passively map a small area around you.
You do not regenerate.


Message History

The giant cockroach bites you but does no damage.
Casting: Vampiric Draining (safe; 1% risk of failure)
Confirm with . or Enter, or press ? or * to list all spells.
Aiming: Vampiric Draining (safe; 1% risk of failure)
Press: ? - help, Shift-Dir - straight line, f - giant cockroach, p - ogre
Aim: a giant cockroach You kill the giant cockroach!
You feel life coursing into your body. The ogre misses you.
Things that are here:
a +0 morningstar; a +0 ring mail
Items here: ( ) [ †.
Casting: Vampiric Draining (safe; 1% risk of failure)
Confirm with . or Enter, or press ? or * to list all spells.
Aiming: Vampiric Draining (safe; 1% risk of failure)
Press: ? - help, Shift-Dir - straight line, f - ogre
Aim: an ogre, wielding a +0 giant club (lightly wounded)
The ogre is moderately wounded.
You feel life coursing into your body. The ogre hits you with a +0 giant club!
You die...

#########.########
#(................
#.#######.#####.##
#.# #.# #... #)# #.#
#.## #.# #.# #.## #.#
#)# #.## #O#
#.#####.## #@#
#..(...... ##(##
######...#
###)..##########.....
#..).)...............
#.#(..##.#.#####.....
#.##(###.#[..)......#
# #(# #.#..######.##
#(#*#.#.......<... *
#..o......#####...


You could see an ogre.

Vanquished Creatures
  3 orc wizards
  3 orc priests
  Terence (D:2)
  4 gnolls (D:2)
  3 adders (D:2)
  2 worms
  3 dart slugs
  2 leopard geckos
  5 orcs
  A ball python (D:2)
  4 bats
  4 giant cockroaches
  4 goblins
  9 hobgoblins
  A jackal (D:1)
  8 kobolds
  A frilled lizard (D:1)
  A leopard gecko skeleton (D:4)
  3 rats
62 creatures vanquished.

Notes
Turn   | Place    | Note
-------+----------+-------------------------------------------
     0 | D:1      | DearestLeader the Deep Dwarf Necromancer began the quest
                  | for the Orb.
     0 | D:1      | Reached XP level 1. HP: 15/15 MP: 3/3
   161 | D:1      | Reached XP level 2. HP: 11/22 MP: 0/4
   266 | D:1      | Reached skill level 5 in Necromancy
   463 | D:1      | Learned a level 1 spell: Animate Skeleton
  1276 | D:2      | Reached XP level 3. HP: 11/28 MP: 2/5
  1280 | D:2      | Learned a level 3 spell: Vampiric Draining
  1549 | D:2      | Noticed Terence
  1564 | D:2      | Killed Terence
  1565 | D:2      | Reached skill level 6 in Necromancy
  1570 | D:2      | Reached XP level 4. HP: 29/36 MP: 0/6
  1891 | D:2      | Reached skill level 7 in Necromancy
  1891 | D:2      | Reached XP level 5. HP: 32/42 MP: 1/7
  2801 | D:3      | Reached XP level 6. HP: 40/49 MP: 9/9
  3101 | D:3      | Found a glowing golden altar of the Shining One.
  3642 | D:4      | Reached skill level 1 in Shields
  3642 | D:4      | Reached skill level 8 in Necromancy
  3706 | D:4      | Slain by an ogre

Illustrated notes

Levels and vault maps discovered:
D:1:      dpeg_arrival_brainrot, layout_loops_ring
D:2:      layout_loops_ring, uniq_terence
D:3:      layout_loops_ring, tso_altar
D:4:      layout_loops_ring, tgw_trog, uniq_robin, uniq_ijyb

Skill      XL: |  1  2  3  4  5  6 |
---------------+-------------------+-----
Necromancy     | 5 6 7 8 |  8.1
Spellcasting   | 2 |  2.0
Shields        | 1 |  1.3
Dodging        | |  2.1
Stealth        | |  2.4

Action                   |  1- 3 |  4- 6 || total
-------------------------+-------+-------++-------
Melee: Unarmed           |     6 |       ||     6
       Spear             |    32 |    68 ||   100
       Short sword       |       |    37 ||    37
Throw: Dart              |       |    11 ||    11
 Cast: Pain              |    41 |    15 ||    56
       Vampiric Draining |     5 |    22 ||    27
       Animate Skeleton  |       |     1 ||     1
  Use: Scroll            |     1 |       ||     1
 Stab: Sleeping          |     2 |     2 ||     4
Armor: Robe              |    11 |    14 ||    25
       Ring mail         |       |    14 ||    14
Dodge: Dodged            |    28 |    88 ||   116
